 Dungeon Crawl Stone Soup version 0.26-a0-610-g3e9335bbc7 (webtiles) character file.

Game seed: 13563826308104445220

506 Murumi the Skirmisher (level 7, -1/76 HPs)
             Began as an Ogre Fighter on Sept 4, 2020.
             Was an Initiate of Okawaru.
             Slain by an ogre
             ... wielding a +0 giant spiked club
              (23 damage)
             ... on level 4 of the Dungeon.
             The game lasted 00:19:39 (4833 turns).

Murumi the Skirmisher (Ogre Fighter)                Turns: 4833, Time: 00:19:40

Health: -1/76      AC:  5    Str: 21    XL:     7   Next: 18%
Magic:  8/8        EV: 10    Int: 11    God:    Okawaru [......]
Gold:   196        SH:  0    Dex:  6    Spells: 6/6 levels left

rFire    . . .     SeeInvis .   i - +0 giant spiked club
rCold    . . .     Faith    .   (shield currently unavailable)
rNeg     . . .     Spirit   .   b - +0 robe
rPois    +         Reflect  .   (helmet restricted)
rElec    .         Harm     .   (no cloak)
rCorr    .                      (gloves unavailable)
MR       .....                  (boots unavailable)
Stlth    +.........             (no amulet)
HPRegen  0.22/turn              (no ring)
MPRegen  0.11/turn              (no ring)

@: no status effects
A: large, unfitting armour, antennae 1, thin metallic scales 1, clumsy 1, poison
resistance, tough skin 1
a: Renounce Religion


You were on level 4 of the Dungeon.
You worshipped Okawaru.
Okawaru was noncommittal.
You visited 1 branch of the dungeon, and saw 5 of its levels.

You collected 196 gold pieces.

Inventory:

Hand Weapons
 e - a +0 whip
 i - a +0 giant spiked club (weapon)
Missiles
 a - 2 stones (quivered)
 j - 12 poisoned darts
Armour
 b - a +0 robe (worn)
 c - a +1 kite shield
Scrolls
 k - a scroll of enchant armour
 l - a scroll of remove curse
Potions
 d - a potion of resistance
 f - a potion of brilliance
 g - a potion of heal wounds
 h - 3 potions of mutation
 m - 2 potions of haste {unknown}


   Skills:
 + Level 6.8 Fighting
 - Level 3.0 Maces & Flails
 - Level 4.0 Throwing
 - Level 1.0 Armour
 - Level 3.0 Dodging
 - Level 3.0 Shields
 - Level 2.0 Invocations


You had 6 spell levels left.
You didn't know any spells.
Your spell library contained the following spells:

 Spells                   Type           Power        Failure   Level
 Confusing Touch          Hex            #.......     71%         3
 Gell's Gravitas          Tloc           #.........   71%         3
 Petrify                  Tmut/Erth      #.......     98%         4
 Metabolic Englaciation   Hex/Ice        #.........   100%        5
 Yara's Violent Unravell  Hex/Tmut       #.........   100%        5


Dungeon Overview and Level Annotations

Branches:
Dungeon (5/15)
 Temple: D:4-7

Altars:
Ashenzari
Dithmenos
Okawaru
Sif Muna


Innate Abilities, Weirdness & Mutations

You are too large for most types of armour.
You have tough skin. (AC +1)
You have a pair of small antennae on your head.
You are partially covered in thin metallic scales. (AC +2)
You are clumsy. (Dex -2)
Your system is resistant to poisons. (rPois)


Message History

There are monsters nearby!
The ogre hits you with a +0 giant spiked club!
You climb upwards.
There is a stone staircase leading down here.
You barely miss the ogre. The ogre closely misses you.
You hit the ogre.
The ogre is lightly wounded.
The ogre hits you with a +0 giant spiked club!
You barely miss the ogre.
The ogre is lightly wounded.
The ogre hits you with a +0 giant spiked club!
You barely miss the ogre.
The ogre is lightly wounded.
The ogre barely misses you.
You bludgeon the ogre!!
The ogre is almost dead.
The ogre hits you with a +0 giant spiked club!!
* * * LOW HITPOINT WARNING * * *
The ogre hits you with a +0 giant spiked club!!
You die...

#.#######.....##..
#.................
#.#########.######
#.# ####'### #.#
#......# #.#
#......# ###.##
#......#
#..O.#####......####
#..@.....+..........
#....#####..........
#....# #......####
#..>.#####......#
#....##.........#
#...[##.##......####
#...................
###.##...#...#######
#...##...#.###....


You could see an ogre.

Vanquished Creatures
  A sky beast (D:2)
  An ogre (D:4)
  A centaur (D:4)
  A hound (D:4)
  2 worker ants
  4 gnolls
  An adder (D:4)
  An adder skeleton (D:4)
  5 worms
  6 dart slugs
  2 leopard geckos (D:2)
  5 orcs
  2 ball pythons
  5 giant cockroaches
  7 goblins
  14 hobgoblins
  7 jackals (D:3)
  10 kobolds
  2 quokkas
  A ball python zombie (D:3)
  6 bats
  5 frilled lizards
  8 rats
97 creatures vanquished.

Notes
Turn   | Place    | Note
-------+----------+-------------------------------------------
     0 | D:1      | Murumi the Ogre Fighter began the quest for the Orb.
     0 | D:1      | Reached XP level 1. HP: 24/24 MP: 1/1
    71 | D:1      | Reached XP level 2. HP: 20/32 MP: 2/2
   388 | D:1      | Reached skill level 1 in Throwing
   534 | D:1      | Reached XP level 3. HP: 35/39 MP: 3/3
  1145 | D:2      | Found a transporter.
  1154 | D:2      | Found a transporter.
  1382 | D:2      | Found a shattered altar of Ashenzari.
  1406 | D:2      | Reached skill level 1 in Armour
  1594 | D:2      | Reached XP level 4. HP: 28/48 MP: 4/4
  1792 | D:2      | Found a shimmering blue altar of Sif Muna.
  2096 | D:3      | Noticed a sky beast
  2099 | D:2      | Gained mutation: You are clumsy. (Dex -2) [potion of
                  | mutation]
  2099 | D:2      | Gained mutation: You have a pair of small antennae on your
                  | head. [potion of mutation]
  2099 | D:2      | Gained mutation: You are partially covered in thin metallic
                  | scales. (AC +2) [potion of mutation]
  2099 | D:2      | Gained mutation: Your system is resistant to poisons.
                  | (rPois) [potion of mutation]
  2129 | D:2      | Killed a sky beast
  2129 | D:2      | Reached skill level 5 in Fighting
  2129 | D:2      | Reached XP level 5. HP: 55/57 MP: 5/5
  2296 | D:3      | Found an iron altar of Okawaru.
  2304 | D:3      | Became a worshipper of Warmaster Okawaru
  2449 | D:3      | Found a shadowy altar of Dithmenos.
  2647 | D:3      | Reached skill level 6 in Fighting
  2916 | D:3      | Reached XP level 6. HP: 44/67 MP: 6/6
  3877 | D:4      | Reached skill level 1 in Invocations
  4484 | D:4      | Reached XP level 7. HP: 76/76 MP: 8/8
  4730 | D:5      | Entered Level 5 of the Dungeon
  4833 | D:4      | Slain by an ogre

Illustrated notes

Levels and vault maps discovered:
D:1:      lightli_arrival_statue_moat, layout_rooms
D:2:      layout_loops_ring, marbit_many_paths, gammafunk_temple_overflow_arena
D:3:      layout_basic, grunt_dithmenos_smoke, kennysheep_okawaru_gauntlet
D:4:      layout_basic, hangedman_decor_peaks_small
D:5:      layout_rooms, minitemple, lemuel_doored_altar, hangedman_decor_lopped,
          kennysheep_generic_room_13, uniq_crazy_yiuf_cottage

Skill      XL: |  1  2  3  4  5  6 |
---------------+-------------------+-----
Maces & Flails | 2 3 |  3.0
Dodging        | 3 |  3.0
Shields        | 3 |  3.0
Throwing       | 1 2 3 4 |  4.0
Armour         | 1 |  1.0
Fighting       | 5 6 |  6.8
Invocations    | 2 |  2.0

Action                   |  1- 3 |  4- 6 |  7- 9 || total
-------------------------+-------+-------+-------++-------
Melee: Flail             |   148 |   187 |       ||   335
       Giant spiked club |       |    69 |    10 ||    79
Throw: Stone             |    49 |    73 |     3 ||   125
       Dart              |       |     7 |       ||     7
  Use: Potion            |     1 |     6 |       ||     7
       Scroll            |     5 |     8 |       ||    13
 Stab: Sleeping          |     1 |       |       ||     1
Armor: Robe              |    41 |    98 |       ||   139
       Skin              |       |    22 |       ||    22
Dodge: Dodged            |    43 |   107 |     5 ||   155
Block: Kite shield       |    70 |   110 |       ||   180

Table legend: (Time is in decaauts)
 A = Elapsed time spent in this place.
 B = Non-inter-level travel time spent in this place.
 C = Inter-level travel time spent in this place.
 D = Time resting spent in this place.
 E = Time spent auto-exploring this place.
 F = Levels seen in this place.
 G = Mean time per level.
                   A        B        C        D        E       F      G
               +--------+--------+--------+--------+--------+-----+--------+
         Total |   5039 |   4533 |    506 |    215 |   3192 |   5 | 1007.8 |
       Dungeon |   5039 |   4533 |    506 |    215 |   3192 |   5 | 1007.8 |
               +--------+--------+--------+--------+--------+-----+--------+

Top non-repeatable levels by time:
     D:3: 1539 daAuts
     D:2: 1266 daAuts
     D:1: 1175 daAuts
     D:4: 1049 daAuts
     D:5: 7 daAuts
